 Dungeon Crawl Stone Soup version 0.28.0-1-gb440e238dd (webtiles) character file.

Game seed: 8437768387094985240

14 Morbidden the Gusty (level 2, 19/19 HPs)
             Began as a Demonspawn Air Elementalist on Feb 20, 2022.
             Quit the game on level 1 of the Dungeon.
             The game lasted 00:00:44 (622 turns).

Morbidden the Gusty (Demonspawn Air Elementalist)    Turns: 622, Time: 00:00:44

Health: 19/19      AC:  2    Str:  8    XL:     2   Next: 31%
Magic:  5/5        EV: 12    Int: 16    God:
Gold:   30         SH:  0    Dex: 13    Spells: 4/5 levels left

rFire   . . .      SeeInvis .   c - +0 short sword
rCold   . . .      Faith    .   (no shield)
rNeg    . . .      Spirit   .   a - +0 robe
rPois   .          Reflect  .   (no helmet)
rElec   .          Harm     .   (no cloak)
rCorr   .          Rampage  .   (no gloves)
Will    .....                   (no boots)
Stlth   ++........              (no amulet)
HPRegen 0.06/turn               (no ring)
MPRegen 0.09/turn               (no ring)

@: no status effects
A: foul stench 1
a: no special abilities


You were on level 1 of the Dungeon.
You visited 1 branch of the dungeon, and saw 1 of its levels.

You collected 30 gold pieces.

Inventory:

Hand Weapons
 c - a +0 short sword (weapon)
Missiles
 b - 6 sling bullets
Armour
 a - a +0 robe (worn)
Scrolls
 d - a scroll of fog {unknown}
Potions
 e - a potion of attraction {unknown}


   Skills:
 + Level 1.8 Dodging
 + Level 1.8 Stealth
 * Level 2.2 Spellcasting
 * Level 1.1 Conjurations
 * Level 3.1 Air Magic


You had 4 spell levels left.
You knew the following spells:

 Your Spells              Type           Power      Damage    Failure   Level
a - Shock                 Conj/Air       32%        1d5       9%          1

Your spell library contained the following spells:

 Spells                   Type           Power      Damage    Failure   Level
 Static Discharge         Conj/Air       8%         N/A       13%         2
 Swiftness                Air            11%        N/A       17%         3
 Airstrike                Air            5%         N/A       50%         4


Dungeon Overview and Level Annotations

Branches:
Dungeon (1/15)

Altars:


Innate Abilities, Weirdness & Mutations

You may rarely emit foul miasma when damaged in melee.


Message History

You kill the ball python!
Key pressed, stopping explore.
Casting: Shock (safe; 9% risk of failure)
Confirm with . or Enter, or press ? or * to list all spells.
You can't see any susceptible monsters within range! (Use Z to cast anyway.)
You now have 23 gold pieces (gained 9).
d - a scroll labelled AWNANNYCZOI Unknown command.
Casting: Shock (safe; 9% risk of failure)
Confirm with . or Enter, or press ? or * to list all spells.
You can't see any susceptible monsters within range! (Use Z to cast anyway.)
e - a fizzy black potion
Casting: Shock (safe; 9% risk of failure)
Confirm with . or Enter, or press ? or * to list all spells.
You can't see any susceptible monsters within range! (Use Z to cast anyway.)
You open the door.
There is an open door here.
You now have 30 gold pieces (gained 7).
Found an escape hatch in the floor.
Key pressed, stopping explore.
Casting: Shock (safe; 9% risk of failure)
Confirm with . or Enter, or press ? or * to list all spells.
You can't see any susceptible monsters within range! (Use Z to cast anyway.)
A kobold comes into view. It is wielding a +0 dagger.
The kobold shouts!
Unknown command.
A kobold is nearby!
Casting: Shock (safe; 9% risk of failure)
Confirm with . or Enter, or press ? or * to list all spells.
Aiming: Shock (safe; 9% risk of failure)
Press: ? - help, Shift-Dir - straight line, f - kobold
Aim: a kobold, wielding a +0 dagger (60% to hit)
The zap hits the kobold.
You kill the kobold!
Things that are here:
a +0 dagger; a kobold corpse
Casting: Shock (safe; 9% risk of failure)
Confirm with . or Enter, or press ? or * to list all spells.
You can't see any susceptible monsters within range! (Use Z to cast anyway.) Are you sure you want to abandon this character and quit the game? (Confirm with "yes".)

.# ####+# ..... #....>
.#.### #.....######.#...
#...............
##.....@# ..# .
......#.#######.#####+#.
........................
......#.##.####.###.....
......#.................
..... #................#
..... #................#
#+#+ #.##+####.###....#
#.# #.# #....#


There were no monsters in sight!

Vanquished Creatures
  A bat (D:1)
  3 endoplasms (D:1)
  A goblin (D:1)
  2 hobgoblins (D:1)
  2 kobolds (D:1)
  A ball python (D:1)
  2 rats (D:1)
12 creatures vanquished.

Notes
Turn   | Place    | Note
-------+----------+-------------------------------------------
     0 | D:1      | Morbidden the Demonspawn Air Elementalist began the quest
                  | for the Orb.
     0 | D:1      | Reached XP level 1. HP: 13/13 MP: 3/3
   313 | D:1      | Reached skill level 3 in Air Magic
   336 | D:1      | Gained mutation: You may rarely emit foul miasma when
                  | damaged in melee. [demonic ancestry]
   336 | D:1      | Reached XP level 2. HP: 11/19 MP: 1/5
   622 | D:1      | Quit the game

Illustrated notes

Levels and vault maps discovered:
D:1:      dpeg_arrival_subterranean_lakeside_camping, layout_basic,
          hellmonk_ecumenical_altar_leap_of_faith

Skill      XL: |  1 |
---------------+----+-----
Air Magic      | 3 |  3.1
Dodging        | |  1.8
Stealth        | |  1.8
Spellcasting   | |  2.2
Conjurations   | |  1.1

Action                   || total
-------------------------++-------
Melee: Short sword       ||     8
       Unarmed           ||     1
 Cast: Shock             ||    25
Armor: Robe              ||     3
Dodge: Dodged            ||    15
